 Dungeon Crawl Stone Soup version 0.18-a0-822-gb52b7b4 (webtiles) character file.

294 root the Digger (level 6, -7/45 HPs)
             Began as a Draconian Earth Elementalist on Dec 16, 2015.
             Was a Believer of Cheibriados.
             Killed by nerve-wracking pain
             ... invoked by an orc priest
              (12 damage)
             ... on level 3 of the Dungeon.
             The game lasted 00:13:25 (2777 turns).

root the Digger (Draconian Earth Elementalist)      Turns: 2777, Time: 00:13:25

Health: -7/45      AC:  6    Str: 15    XL:     6   Next: 11%
Magic:  0/12       EV: 13    Int: 20    God:    Cheibriados [**....]
Gold:   246        SH:  0    Dex: 16    Spells: 1 memorised, 12 levels left

rFire  . . .     SeeInvis .     a - 25 stones
rCold  . . .     Gourm    .     (armour unavailable)
rNeg   . . .     Faith    .     (no shield)
rPois  .         Spirit   .     (helmet restricted)
rElec  .         Dismiss  .     (no cloak)
rCorr  .         Reflect  .     (no gloves)
SustAt .         Harm     +     (no boots)
MR     .....                    n - amulet of harm
Stlth  ++........               (no ring)
                                (no ring)

@: very slow, not resistant to hostile enchantments, unstealthy
A: unfitting armour, cold-blooded, AC +6
a: Bend Time, Renounce Religion


You were on level 3 of the Dungeon.
You worshipped Cheibriados.
Cheibriados was pleased with you.
You were not hungry.

You visited 1 branch of the dungeon, and saw 3 of its levels.

You collected 246 gold pieces.

Inventory:

Missiles
 a - 25 stones (in hand)
 l - 40 poisoned needles
 v - a throwing net
Armour
 u - a +0 cloak
Jewellery
 k - an uncursed amulet of guardian spirit
 n - an amulet of harm (around neck)
Wands
 z - a wand of enslavement (11)
Scrolls
 d - a scroll of random uselessness {unknown}
 e - a scroll of fog {unknown}
 i - a scroll of blinking {unknown}
 j - a scroll of identify {unknown}
 w - a scroll of enchant weapon {unknown}
 y - a scroll of remove curse {unknown}
Potions
 g - a potion of lignification {unknown}
 o - 2 potions of cancellation {unknown}
 p - 3 potions of agility {unknown}
 q - 3 potions of curing {unknown}
 r - 2 potions of beneficial mutation {unknown}
 s - 2 potions of brilliance {unknown}
 t - a potion of might {unknown}
 A - a potion of flight {unknown}
Books
 b - a book of Geomancy

   Spells                             Type                      Level
   a - Sandblast                      Earth                        1
   b - Stoneskin                      Transmutation/Earth          2
   c - Passwall                       Transmutation/Earth          3
   d - Stone Arrow                    Conjuration/Earth            3
   e - Petrify                        Transmutation/Earth          4
   f - Lee's Rapid Deconstruction     Earth                        5
Comestibles
 c - 2 bread rations
 f - 2 fruits
 h - 3 meat rations
 m - a beef jerky
 x - 2 chunks of flesh


   Skills:
 + Level 2.1 Dodging
 - Level 1.7 Stealth
 + Level 4.3 Spellcasting
   Level 1.0 Transmutations
 + Level 5.1 Earth Magic


You had 12 spell levels left.
You knew the following spells:

 Your Spells              Type           Power        Failure   Level  Hunger
a - Sandblast             Erth           ###...       1%          1    None


Dungeon Overview and Level Annotations

Branches:
Dungeon (3/15)

Altars:
Cheibriados
Dithmenos
Elyvilon
Makhleb
Qazlal
Xom
Yredelemnul
The Shining One


Innate Abilities, Weirdness & Mutations

Your plain brown scales are hard (AC +6).
Your body does not fit into most forms of armour.
You are cold-blooded and may be slowed by cold attacks.


Message History

Confirm with . or Enter, or press ? or * to list all spells.
Aiming: Sandblast
Press: ? - help, Shift-Dir - straight line, f/p - orc priest
Aim: an orc priest, wielding a club The rocky blast hits the goblin.
You kill the goblin!
Cheibriados thoroughly appreciates the change of pace.
The rat bites you but does no damage.
Casting: Sandblast
Confirm with . or Enter, or press ? or * to list all spells.
Aiming: Sandblast
Press: ? - help, Shift-Dir - straight line, f/p - orc priest
Aim: an orc priest, wielding a club The rocky blast hits the orc priest.
The orc priest is severely wounded.
The orc priest barely misses you. The rat bites you but does no damage.
The rat completely misses you.
The orc priest invokes the aid of Beogh against you.
Pain shoots through your body!
You die...

#.......♣♣ ♣♣.....♣♣ ♣♣.....###.#
.........♣♣♣.......♣♣♣...........
....≈≈≈...♣...≈≈≈...♣...≈≈≈...#..
...≈≈≈≈≈.....≈≈≈≈≈.....≈≈≈≈≈.....
...≈≈♣≈≈.....≈≈_≈≈.....≈≈♣≈≈.....
...≈≈≈≈≈.....≈≈≈≈≈.o.w.≈≈≈≈≈.....
....≈≈≈...♣...≈≈≈..w♣...≈≈≈......
.........♣♣♣.......♣♣♣..w.†..###.
........♣♣ ♣♣...@r♣♣ ♣♣....).....
...####♣♣ ♣♣♣.♣♣♣ ♣♣####'#...
...# ♣♣♣ .. . ...# ... #### .. #


You could see 2 worms, an orc priest and a rat.

Vanquished Creatures
  A giant frog (D:3)
  A hound (D:3)
  An orc priest (D:3)
  Natasha (thrice) (D:3)
  2 adders
  5 gnolls
  2 worms
  3 giant geckos
  4 orcs (D:3)
  7 bats
  3 goblins
  5 hobgoblins
  3 jackals (D:3)
  10 kobolds
  A quokka (D:2)
  2 ball pythons
  A giant cockroach (D:3)
  5 giant newts
  7 rats
66 creatures vanquished.

Notes
Turn   | Place    | Note
--------------------------------------------------------------
     0 | D:1      | root the Draconian Earth Elementalist began the quest for the Orb.
     0 | D:1      | Reached XP level 1. HP: 14/14 MP: 3/3
   385 | D:1      | Reached XP level 2. HP: 20/20 MP: 0/5
  1010 | D:2      | Found a snail-covered altar of Cheibriados.
  1043 | D:2      | Became a worshipper of Cheibriados the Contemplative
  1445 | D:2      | Found a basalt altar of Yredelemnul.
  1447 | D:2      | Found a burning altar of Makhleb.
  1452 | D:2      | Found a shadowy altar of Dithmenos.
  1462 | D:2      | Reached XP level 3. HP: 22/26 MP: 3/6
  1546 | D:2      | Found a glowing golden altar of the Shining One.
  2029 | D:3      | Reached * piety under Cheibriados
  2143 | D:3      | Reached skill level 4 in Earth Magic
  2143 | D:3      | Reached XP level 4. HP: 33/33 MP: 5/8
  2286 | D:3      | Noticed Natasha
  2290 | D:3      | Reached XP level 5. HP: 32/38 MP: 6/10
  2349 | D:3      | Killed Natasha
  2449 | D:3      | Found a white marble altar of Elyvilon.
  2453 | D:3      | Reached skill level 5 in Earth Magic
  2499 | D:3      | Noticed Natasha
  2501 | D:3      | Killed Natasha
  2635 | D:3      | Found a stormy altar of Qazlal.
  2635 | D:3      | Found a shimmering altar of Xom.
  2680 | D:3      | Reached ** piety under Cheibriados
  2747 | D:3      | Noticed Natasha
  2753 | D:3      | Killed Natasha
  2761 | D:3      | Reached XP level 6. HP: 35/45 MP: 4/12
  2777 | D:3      | Killed from afar by an orc priest

Vault maps used:
D:1:      saegor_arrival_simple_e, minmay_stone_trees_small, minmay_quantized
D:2:      cheibriados_altar_1, minitemple, tso_metal_star
D:3:      corexii_shack_village, elyvilon_altar_3,
          gammafunk_temple_overflow_elements, uniq_natasha

Action                   |  1- 3 |  4- 6 || total
-------------------------+-------+-------++-------
Melee: Unarmed           |     4 |       ||     4
 Cast: Sandblast         |    70 |    58 ||   128
  Eat: Chunk             |     5 |       ||     5
